 Dungeon Crawl Stone Soup version 0.25-a0-589-g1e14c549ee (webtiles) character file.

Game seed: 1710839746769765148, levelgen mode: deterministic

37 kae the Cudgeler (level 3, -2/28 HPs)
             Began as a Demonspawn Gladiator on Mar 12, 2020.
             Slain by Natasha (9 damage)
             ... on level 2 of the Dungeon.
             The game lasted 00:01:10 (1047 turns).

kae the Cudgeler (Demonspawn Gladiator)             Turns: 1047, Time: 00:01:11

Health: -2/28      AC:  3    Str: 15    XL:     3   Next: 23%
Magic:  3/3        EV: 12    Int:  9    God:
Gold:   90         SH:  0    Dex: 14    Spells: 2/2 levels left

rFire    . . .     SeeInvis .   a - +0 flail
rCold    + . .     Gourm    .   (no shield)
rNeg     . . .     Faith    .   b - +0 leather armour
rPois    .         Spirit   .   (helmet restricted)
rElec    .         Reflect  .   (no cloak)
rCorr    .         Harm     .   (no gloves)
MR       .....                  (no boots)
Stlth    +.........             (no amulet)
HPRegen  0.09/turn              (no ring)
MPRegen  0.08/turn              (no ring)

@: no status effects
A: horns 1, cold resistance 1
a: no special abilities


You were on level 2 of the Dungeon.
You were hungry.

You visited 1 branch of the dungeon, and saw 2 of its levels.

You collected 90 gold pieces.

Inventory:

Hand Weapons
 a - a +0 flail (weapon)
Missiles
 d - 3 throwing nets (quivered)
Armour
 b - a +0 leather armour (worn)
 c - a +0 helmet
Scrolls
 e - a scroll of blinking {unknown}
Potions
 g - a potion of might {unknown}
 h - a potion of brilliance {unknown}
Comestibles
 f - 4 rations


   Skills:
 + Level 2.6 Fighting
 * Level 3.6 Maces & Flails
 - Level 1.7 Throwing
 - Level 2.6 Dodging


You had 2 spell levels left.
You didn't know any spells.
Your spell library was empty.

Dungeon Overview and Level Annotations

Branches:
Dungeon (2/15)

Altars:

Annotations:
D:2 Natasha


Innate Abilities, Weirdness & Mutations

You have a pair of small horns on your head.
Your flesh is cold resistant. (rC+)


Message History

You start resting.
You are feeling hungry.
You start resting.
Natasha is too close now for your liking.
Natasha is nearby!
Natasha hisses angrily.
You hit Natasha.
Natasha is moderately wounded.
Natasha claws you.
You completely miss Natasha.
Natasha is moderately wounded.
Natasha barely misses you.
You are too injured to fight recklessly!
You are too injured to fight recklessly!
You sock Natasha!
Natasha is almost dead.
Natasha claws you!
* * * LOW HITPOINT WARNING * * *
Natasha claws you!
You die...

#....?..h.#...### ....#.##.
#.###.#.#.###.#.#...# #.#.#.##.
#h...<..#.........#.#####<#......
.................................
.......g......#.###.#......######
#####.......###.###.#.#...##
............)..........#
#.......#.#####.#.#.#.##
#.......#..h@...#.#.#..#
#.......#########.#....#
#####.#...## #..........#
#......†.########
#........##......
#........##.#.#.#
#........##.#....
#......<....##.##


You could see Natasha.

Vanquished Creatures
  An ooze (D:1)
  2 dart slugs
  2 bats (D:1)
  A giant cockroach (D:2)
  4 goblins (D:1)
  5 hobgoblins
  6 kobolds (D:1)
  7 rats
28 creatures vanquished.

Vanquished Creatures (others)
  11 toadstools (D:2)
11 creatures vanquished.

Grand Total: 39 creatures vanquished

Notes
Turn   | Place    | Note
-------+----------+-------------------------------------------
     0 | D:1      | kae the Demonspawn Gladiator began the quest for the Orb.
     0 | D:1      | Reached XP level 1. HP: 16/16 MP: 1/1
   181 | D:1      | Reached skill level 3 in Maces & Flails
   282 | D:1      | Gained mutation: Your flesh is cold resistant. (rC+)
                  | [demonic ancestry]
   282 | D:1      | Reached XP level 2. HP: 22/22 MP: 2/2
   723 | D:1      | Gained mutation: You have a pair of small horns on your
                  | head. [demonic ancestry]
   723 | D:1      | Reached XP level 3. HP: 28/28 MP: 3/3
   849 | D:2      | Noticed Natasha
  1047 | D:2      | Slain by Natasha

Levels and vault maps discovered:
D:1:      wander_arrival_desolate, layout_loops_cross
D:2:      layout_basic, yredelemnul_forgotten_temple_becter,
          corexii_item_surrounded_by_moat, tgw_fedhas, uniq_natasha

Skill      XL: |  1 |
---------------+----+-----
Maces & Flails | 3 |  3.6
Fighting       | |  2.6
Throwing       | |  1.7
Dodging        | |  2.6

Action                   || total
-------------------------++-------
Melee: Flail             ||    82
       Headbutt          ||     2
 Stab: Sleeping          ||     1
Armor: Leather armour    ||    29
Dodge: Dodged            ||    51

Table legend:
 A = Non-vault XP
 B = Vault XP
 C = Vault XP percentage of total XP
 D = Non-vault monster count
 E = Vault monster count
 F = Vault count percentage of total count
                 A         B        C        D         E       F
            +---------+---------+-------+---------+---------+-------
      Total |      54 |       0 |   0.0 |      28 |       0 |   0.0
            +---------+---------+-------+---------+---------+-------
        D:1 |      45 |       0 |   0.0 |      24 |       0 |   0.0
        D:2 |       9 |       0 |   0.0 |       4 |       0 |   0.0
            +---------+---------+-------+---------+---------+-------
